 Dungeon Sprint DCSS version 0.29.1-15-g9cfb28693d (webtiles) character file.

Game seed: 14814020030224646981

3063 Ast3rio the Severer (level 9, -2/144 HPs)
             Began as a Minotaur Berserker on Feb 27, 2023.
             Was a High Priest of Trog.
             Incinerated by a smoke demon (6 damage)
             ... with a sticky flame
             ... in the Dungeon (Sprint V: "Ziggurat Sprint").
             The game lasted 00:06:03 (591 turns).

Ast3rio the Severer (Minotaur Berserker)             Turns: 591, Time: 00:06:03

Health: -2/144     AC: 29    Str: 25    XL:     9   Next: 57%
Magic:  8/8        EV:  6    Int:  4    God:    Trog [*****.]
Gold:   0          SH: 17    Dex: 11    Spells: 8/8 levels left

rFire   . . .      SeeInvis +   E - +14 obsidian axe {vorpal, Mesm Drain Fly SInv}
rCold   . . .      Faith    .   y - +3 tower shield
rNeg    . . .      Spirit   .   F - +15 Maxwell's patent armour {-Cast -Tele rElec Will+ rCorr}
rPois   .          Reflect  .   (helmet restricted)
rElec   +          Harm     .   (no cloak)
rCorr   +          Rampage  .   (no gloves)
Will    +....      NoTele   +   (no boots)
Stlth   .......... NoCast   +   (no amulet)
HPRegen 0.34/turn               (no ring)
MPRegen 0.11/turn               (no ring)

@: berserking (expiring), on fire, flying, mesmerised, glowing, very quick
A: horns 2, retaliatory headbutt
a: Renounce Religion, Berserk, Trog's Hand, Brothers in Arms


You were in the Dungeon.
You worshipped Trog.
Trog was extremely pleased with you.
You visited 1 branch

Inventory:

Hand Weapons
 a - a +0 hand axe
 D - the +6 Majin-Bo {vamp, MP+6 Int+6}
   (You found it in the Dungeon)

   It heals its wielder for a portion of the damage dealt when they wound a
   living foe with it or with a spell.
   Its wielder's spells cost health as well as magical power.
   Int:       It affects your intelligence (+6).
   MP:        It affects your magic capacity (+6).
   Trog disapproves of the use of such an item.
 E - the +14 obsidian axe (weapon) {vorpal, Mesm Drain Fly SInv}
   (You found it in the Dungeon)

   It inflicts extra damage upon your enemies.
   It occasionally summons demons to assist the wielder when it strikes in
   combat.
   Its wielder is mesmerised by any visible foes.
   It cannot be unequipped while any foes are visible.
   SInv:      It lets you see invisible.
   Fly:       It grants you flight.
   Drain:     It drains your maximum health when unequipped.
Armour
 b - a +0 animal skin
 y - a +3 tower shield (worn)
 F - the +15 Maxwell's patent armour (worn) {-Cast -Tele rElec Will+ rCorr}
   (You found it in the Dungeon)

   rElec:     It insulates you from electricity.
   -Cast:     It prevents spellcasting.
   -Tele:     It prevents most forms of teleportation.
   rCorr:     It protects you from acid and corrosion.
   Will:      It increases your willpower.
 I - +1 shadow dragon scales
Jewellery
 l - a ring of flight
 m - a +6 ring of dexterity
 n - a +6 ring of dexterity
 o - a +6 ring of intelligence
 p - a +6 ring of intelligence
 q - a +6 ring of strength
 r - a +6 ring of strength
 H - a ring of see invisible
Wands
 i - a wand of mindburst (6)
 j - a wand of iceblast (7)
 k - a wand of quicksilver (7)
Scrolls
 h - 4 scrolls of blinking
 s - 7 scrolls of butterflies
 t - 5 scrolls of identify
 u - 2 scrolls of fear
 v - 4 scrolls of amnesia
Potions
 c - 10 potions of curing
 d - 9 potions of heal wounds
 e - 6 potions of haste
 f - 7 potions of magic
 g - a potion of berserk rage
 w - 2 potions of invisibility
 x - 4 potions of resistance
 z - a potion of experience
 A - 5 potions of might
 B - 2 potions of brilliance
Miscellaneous
 C - a lightning rod (4/4)
 G - a lightning rod (4/4)


   Skills:
 + Level 14.5 Fighting
 + Level 17.1 Axes
 + Level 9.9 Armour
 + Level 7.0 Dodging
 + Level 8.5 Shields
 + Level 1.2 Evocations


You had 8 spell levels left.
You didn't know any spells.
Your spell library was empty.

Dungeon Overview and Level Annotations

Branches:
Dungeon (1/1)

Altars:
Ashenzari
Cheibriados
Dithmenos
Elyvilon
Fedhas
Gozag
Hepliaklqana
Kikubaaqudgha
Makhleb
Nemelex Xobeh
Okawaru
Qazlal
Ru
Sif Muna
Trog
Uskayaw
Vehumet
Wu Jian
Xom
Yredelemnul
Zin
The Shining One
Jiyva
Lugonu

Annotations:
D 1 transporter


Innate Abilities, Weirdness & Mutations

You have a pair of horns on your head.
You reflexively headbutt those who attack you in melee.


Message History

You are too berserk!
You miss Goqus.
Goqus is severely wounded.
You miss Jeell. You hit the smoke demon. You slice the chaos spawn!!
You open a gate to Pandemonium!
A demon appears!
You kill the chaos spawn!
Trog accepts your kill.
The chaos spawn degenerates into a cloud of primal chaos!
You block Jeell's attack. Goqus hits you!
* * * LOW HITPOINT WARNING * * *
Goqus burns you.
* * * LOW HITPOINT WARNING * * *
Your soul eater closely misses the smoke demon.
The orange demon stings you but does no damage.
The smoke demon gestures at you.
The sticky flame hits you but does no damage.
You are covered in liquid flames!
You completely miss Goqus. Your headbutt misses Goqus.
Goqus is severely wounded.
You hit Jeell. You open a gate to Pandemonium!
A demon appears!
You hit the smoke demon.
Visions of slaying the smoke demon flood into your mind.
You are covered in liquid flames!
* * * LOW HITPOINT WARNING * * *
You block Jeell's attack.
Your ice devil hits Jeell!
Your ice devil freezes Jeell!
You block Goqus's attack.
Your ice devil is engulfed in seething chaos.
Your ice devil completely misses Goqus.
Your soul eater hits the smoke demon!
The orange demon barely misses you.
The smoke demon hits you but does no damage. x3
You completely miss Goqus. Your headbutt misses Goqus.
Goqus is severely wounded.
You slash the smoke demon!
You break out of your daze!
You kill the smoke demon!
The smoke demon disappears in a puff of smoke!
You miss Jeell.
Visions of slaying Goqus flood into your mind.
You are covered in liquid flames!
You die...

▓▓▓▓▓▓▓▓▓▓▓▓▓▓▓▓▓▓▓
▓..8©8..▓ ▓..=}[..▓
▓..[)|..▓ ▓.......▓
▓.......▓ ▓.4.....▓
▓.3§&&4.▓ ▓.▓4@3▓.▓
▓..§©.4.▓ ▓▓▓▓▓▓▓▓▓


You could see Goqus (mesmerising, ally target), Jeell, an orange demon
(summoned), 2 friendly soul eaters, 2 friendly ice devils and a friendly chaos
spawn (summoned).

Vanquished Creatures
  2 mummy priests (D)
  A sixfirhy (D)
  An ice devil (D)
  2 polar bears (D)
  A slime creature (D)
  A chaos spawn (D)
  An ice beast (D)
  A jelly (D)
  A quasit (D)
  An iron imp (D)
  2 mummies (D)
  A shadow imp (D)
  2 ufetubi (D)
  An adder zombie (D)
  A bat skeleton (D)
  A bat zombie (D)
  An endoplasm (D)
  A quokka simulacrum (D)
22 creatures vanquished.

Notes
Turn   | Place    | Note
-------+----------+-------------------------------------------
     0 | D        | Ast3rio the Minotaur Berserker began the quest for the Orb.
     0 | D        | Reached XP level 1. HP: 19/19 MP: 0/0
     0 | D        | Found a shimmering blue altar of Sif Muna.
     0 | D        | Found a bloodstained altar of Trog.
     0 | D        | Found a sacrificial altar of Ru.
     0 | D        | Found a stormy altar of Qazlal.
     0 | D        | Found an iron altar of Okawaru.
     3 | D        | Found a sparkling altar of Nemelex Xobeh.
     3 | D        | Found the +6 Majin-Bo {vamp, MP+6 Int+6}
     3 | D        | Found the +9 heavy crossbow "Sniper" {vorpal, Acc+∞ SInv}
     3 | D        | Found the +10 dark maul {vorpal}
     3 | D        | Found the +15 Maxwell's patent armour {-Cast -Tele rElec
                  | Will+ rCorr}
     3 | D        | Found the +18 shield of the Gong {rElec rN+ Will+ EV-5}
     3 | D        | Found the +14 obsidian axe {vorpal, Mesm Drain Fly SInv}
     3 | D        | Found the +7 great mace "Firestarter" {inner flame, rF++}
     3 | D        | Found the +6 shillelagh "Devastator" {shatter}
     3 | D        | Found the +11 plutonium sword {Contam Stlth-}
     3 | D        | Found the +8 lance "Wyrmbane" {slay drac, rPois rF+ rC+
                  | AC+3}
     3 | D        | Found the +9 sword of Zonguldrok {reap}
     3 | D        | Found the +13 scythe of Curses {drain, Drain}
     3 | D        | Found the +5 sword of Power {vorpal}
     3 | D        | Found the +7 mace of Variability {chain chaos}
     3 | D        | Found the +7 Singing Sword {vorpal, sonic wave}
     3 | D        | Found the +8 storm bow {elec, penet}
     6 | D        | Found a corrupted altar of Lugonu.
     6 | D        | Found an ancient bone altar of Kikubaaqudgha.
     6 | D        | Found a burning altar of Makhleb.
     6 | D        | Found a transporter.
     6 | D        | Found a viscous altar of Jiyva.
     6 | D        | Found a hazy altar of Hepliaklqana.
    11 | D        | Found an opulent altar of Gozag.
    12 | D        | Found a blossoming altar of Fedhas.
   155 | D        | Entered arena 2.
   155 | D        | Found the +3 pair of mountain boots {steadfast, rC+}
   155 | D        | Noticed an iron imp
   155 | D        | Found a transporter.
   159 | D        | Reached skill level 4 in Axes
   159 | D        | Killed an iron imp
   160 | D        | Reached skill level 5 in Fighting
   160 | D        | Reached skill level 5 in Axes
   160 | D        | Reached XP level 2. HP: 26/30 MP: 1/1
   160 | D        | Reached XP level 3. HP: 32/37 MP: 2/2
   168 | D        | Entered arena 3.
   168 | D        | Noticed a slime creature
   168 | D        | Found a transporter.
   171 | D        | Reached ** piety under Trog
   172 | D        | Reached skill level 6 in Axes
   178 | D        | Killed a slime creature
   179 | D        | Reached skill level 10 in Axes
   179 | D        | Reached skill level 5 in Armour
   179 | D        | Reached XP level 4. HP: 28/50 MP: 3/3
   179 | D        | Reached XP level 5. HP: 31/57 MP: 4/4
   184 | D        | Entered arena 4.
   184 | D        | Noticed a mummy priest
   184 | D        | Noticed a mummy priest
   184 | D        | Found a transporter.
   188 | D        | Noticed a freezing wraith
   191 | D        | Reached XP level 6. HP: 24/64 MP: 5/5
   192 | D        | Reached *** piety under Trog
   193 | D        | Killed a mummy priest
   194 | D        | Reached skill level 13 in Axes
   194 | D        | Reached XP level 7. HP: 23/78 MP: 6/6
   196 | D        | Killed a mummy priest
   197 | D        | Reached skill level 14 in Axes
   197 | D        | Reached XP level 8. HP: 10/86 MP: 7/7
   518 | D        | Entered arena 5.
   518 | D        | Noticed a polar bear
   518 | D        | Noticed a polar bear
   518 | D        | Found a transporter.
   522 | D        | Reached skill level 15 in Axes
   522 | D        | Reached **** piety under Trog
   524 | D        | Killed a polar bear
   527 | D        | Killed a polar bear
   528 | D        | Reached XP level 9. HP: 95/95 MP: 8/8
   541 | D        | Entered arena 6.
   541 | D        | Found a transporter.
   543 | D        | Reached ***** piety under Trog
   575 | D        | Entered arena 7.
   575 | D        | Noticed Goqus the pandemonium lord
   575 | D        | Noticed a sixfirhy
   575 | D        | Noticed Jeell the pandemonium lord
   575 | D        | Noticed an ice devil
   576 | D        | Found a transporter.
   578 | D        | Noticed an orange demon
   578 | D        | Noticed a red devil
   580 | D        | Noticed a smoke demon
   584 | D        | Killed a sixfirhy
   584 | D        | Received a gift from Trog
   585 | D        | Reached skill level 16 in Axes
   586 | D        | Killed an ice devil
   587 | D        | Reached skill level 17 in Axes
   587 | D        | Reached skill level 1 in Evocations
   589 | D        | HP: 5/144 [Goqus the pandemonium lord (4)]
   591 | D        | Incinerated by a smoke demon

Illustrated notes

Levels and vault maps discovered:
D:        sprint_v [room_start, room_1, room_2, room_3, room_4, room_5, room_6,
          room_7, room_8, room_9, room_10, room_11, room_12, room_13, room_14,
          room_15, room_16, room_17, room_18, room_19, room_20, room_21,
          room_22, room_23, room_24, room_25, room_26, room_27]

Skill      XL: |  1  2  3  4  5  6  7  8  9 |
---------------+----------------------------+-----
Fighting       | 5 9 12 13 14 | 14.5
Axes           | 5 10 13 14 15 17 | 17.1
Armour         | 3 5 7 8 9 |  9.9
Dodging        | 3 4 6 7 |  7.0
Shields        | 2 4 6 8 |  8.5
Evocations     | 1 |  1.2

Action                   |  1- 3 |  4- 6 |  7- 9 || total
-------------------------+-------+-------+-------++-------
Melee: Broad axe         |    10 |     5 |    23 ||    38
       Headbutt          |     1 |     2 |     3 ||     6
Evoke: Lightning rod     |       |       |     3 ||     3
       Wand              |       |       |     1 ||     1
  Use: Potion            |       |     2 |     1 ||     3
Armor: Plate armour      |     6 |     6 |    33 ||    45
Dodge: Dodged            |       |     7 |    10 ||    17
Block: Tower shield      |     9 |    10 |    35 ||    54
